 Dungeon Crawl Stone Soup version 0.21.1-1-g345015fe64 (webtiles) character file.

26 Ivernyr the Charmwright (level 2, -1/22 HPs)
             Began as a Demonspawn Skald on Apr 26, 2018.
             Slain by a worm (8 damage)
             ... on level 2 of the Dungeon.
             The game lasted 00:02:27 (1129 turns).

Ivernyr the Charmwright (Demonspawn Skald)          Turns: 1129, Time: 00:02:28

Health: -1/22      AC:  3    Str: 11    XL:     2   Next: 89%
Magic:  0/5        EV: 11    Int: 14    God:
Gold:   74         SH:  0    Dex: 12    Spells: 0/5 levels left

rFire    . . .     SeeInvis .   a - +0 falchion
rCold    . . .     Gourm    .   (no shield)
rNeg     . . .     Faith    .   b - +0 leather armour
rPois    .         Spirit   .   (no helmet)
rElec    .         Reflect  .   (no cloak)
rCorr    .         Harm     .   (no gloves)
MR       .....                  (no boots)
Stlth    +.........             (no amulet)
HPRegen  0.07/turn              (no ring)
MPRegen  0.09/turn              (no ring)

@: very slightly contaminated
A: spiny 1
a: no special abilities


You were on level 2 of the Dungeon.
You were not hungry.

You visited 1 branch of the dungeon, and saw 2 of its levels.

You collected 74 gold pieces.

Inventory:

Hand Weapons
 a - a +0 falchion (weapon)
Armour
 b - a +0 leather armour (worn)
Scrolls
 f - a scroll of enchant armour {unknown}
 g - a scroll of identify {unknown}
 k - 2 scrolls of remove curse {unknown}
Potions
 e - a potion of mutation {unknown}
 h - a potion of agility {unknown}
 i - a potion of might {unknown}
 j - a potion of resistance {unknown}
Books
 c - a book of Battle

   Spells                             Type                      Level
   a - Infusion                       Charms                       1
   b - Shroud of Golubria             Charms/Translocation         2
   c - Song of Slaying                Charms                       2
   d - Spectral Weapon                Hexes/Charms                 3
   e - Regeneration                   Charms/Necromancy            3
Comestibles
 d - 4 rations


   Skills:
 + Level 2.3 Fighting
 + Level 2.1 Long Blades
 * Level 1.7 Armour
 - Level 1.7 Dodging
 - Level 2.0 Spellcasting
 + Level 2.9 Charms


You couldn't memorise any spells.
You knew the following spells:

 Your Spells              Type           Power        Failure   Level  Hunger
a - Shroud of Golubria    Chrm/Tloc      #.........   26%         2    ###....
b - Song of Slaying       Chrm           #.......     14%         2    ###....
c - Infusion              Chrm           #...         10%         1    ##.....


Dungeon Overview and Level Annotations

Branches:
Dungeon (2/15)

Altars:


Innate Abilities, Weirdness & Mutations

You are partially covered in sharp spines.


Message History

Space distorts slightly along a thin shroud covering your body.
You hit the worm but do no damage.
The worm is lightly wounded.
The worm is struck by your spines. The worm bites you.
Your shroud falls apart!
You hit the worm.
The worm is moderately wounded.
The worm is struck by your spines. The worm bites you.
You hit the worm.
The worm is heavily wounded.
Casting: Shroud of Golubria
Confirm with . or Enter, or press ? or * to list all spells.
You miscast Shroud of Golubria.
You are very lightly contaminated with residual magic.
You feel a strange surge of energy! The worm is struck by your spines.
The worm barely misses you.
You barely miss the worm.
The worm is heavily wounded.
The worm bites you!
You die...

#.# #.# #.#
#.##.# #.# #.#
#.#######.##)#
#.# #.#
#.........##.#
############.#
<.. #.#
#########.####
#.#
.............#
#.# #w# #.#
#@############.#
#..............#
################


You could see a worm.

Vanquished Creatures
  2 leopard geckos (D:1)
  2 giant cockroaches (D:1)
  3 goblins (D:1)
  5 hobgoblins
  A kobold (D:1)
  5 bats
  3 rats
21 creatures vanquished.

Notes
Turn   | Place    | Note
-------+----------+-------------------------------------------
     0 | D:1      | Ivernyr the Demonspawn Skald began the quest for the Orb.
     0 | D:1      | Reached XP level 1. HP: 16/16 MP: 3/3
    49 | D:1      | Reached skill level 1 in Armour
   400 | D:1      | Gained mutation: You are partially covered in sharp spines. [demonic ancestry]
   400 | D:1      | Reached XP level 2. HP: 12/22 MP: 5/5
   651 | D:1      | Learned a level 2 spell: Song of Slaying
   654 | D:1      | Learned a level 2 spell: Shroud of Golubria
  1129 | D:2      | Slain by a worm

Skill      XL: |  1  2 |
---------------+-------+-----
Armour         | 1 |  1.7
Long Blades    | 2 |  2.1
Fighting       | |  2.3
Dodging        | |  1.7
Spellcasting   | |  2.0
Charms         | |  2.9

Action                   || total
-------------------------++-------
Melee: Falchion          ||    57
 Cast: Shroud of Golubri ||     3
       Song of Slaying   ||     1
 Stab: Sleeping          ||     1
  Eat: Chunk             ||     1
Armor: Leather armour    ||    14
Dodge: Dodged            ||    35
       Rpst.: Falchion   ||    17
